 Dungeon Crawl Stone Soup version 0.32-a0-42-ga30500b4d3 (webtiles) character file.

Game seed: 5838827692248605388

27 atomiclemming the Shield-Bearer (level 2, -28/27 HPs)
             Began as a Minotaur Fighter on Jan 27, 2024.
             Killed by an exploding gnoll (38 damage)
             ... ignited by their inner flame
             ... on level 2 of the Dungeon.
             The game lasted 00:07:30 (861 turns).

atomiclemming the Shield-Bearer (Minotaur Fighter)   Turns: 861, Time: 00:07:31

Health: -28/27     AC:  7    Str: 20    XL:     2   Next: 93%
Magic:  1/1        EV:  9    Int:  5    God:
Gold:   84         SH:  4    Dex:  9    Spells: 1/1 levels left

rFire   . . .        h - +0 hand axe (heavy)
rCold   . . .        c - +0 buckler
rNeg    . . .        b - +0 scale mail
rPois   .            (helmet unavailable)
rElec   .            (no cloak)
rCorr   .            (no gloves)
SInv    .            (no boots)
Will    +....        (no amulet) Stlth
                     (no ring)
HPRegen 0.24/turn    (no ring)
MPRegen 0.07/turn

%: no passive effects
@: mighty, enlightened, flying
A: horns 3, retaliatory headbutt, subdued magic 1
a: no special abilities


You were on level 2 of the Dungeon.
You visited 1 branch of the dungeon, and saw 2 of its levels.

You collected 84 gold pieces.

Inventory:

Hand Weapons
 a - a +0 flail
 h - a +0 heavy hand axe (weapon)
 m - a +0 falchion
Missiles
 j - 6 javelins (quivered)
Armour
 b - a +0 scale mail (worn)
 c - a +0 buckler (worn)
Scrolls
 f - a scroll of identify
 g - a scroll of poison


   Skills:
 + Level 3.8 Fighting
 + Level 2.9 Maces & Flails
 + Level 4.0 Armour
 + Level 0.2 Dodging
 + Level 4.2 Shields


You had one spell level left.
You didn't know any spells.
Your spell library contained the following spells:

 Spells                   Type           Power      Damage    Failure   Level
 Sandblast                Erth           0%         2d4       86%         1
 Passwall                 Erth           0%         N/A       99%         3
 Stone Arrow              Conj/Erth      0%         3d7       99%         3
 Brom's Barrelling Bould  Conj/Erth      0%         2d3       100%        4


Dungeon Overview and Level Annotations

Branches:
Dungeon (2/15)

Altars:


Innate Abilities, Weirdness & Mutations

You have a pair of large horns on your head.
You reflexively headbutt those who attack you in melee.
Your spells are a little easier to cast, but a little less powerful.


Message History

The gnoll hits you but does no damage.
A rat comes into view.
The gnoll attacks as it pursues you! You block the gnoll's attack.
The rat squeaks loudly.
The gnoll hits you with a +0 whip. The gnoll attacks as it pursues you!
You block the gnoll's attack.
You closely miss the gnoll. The gnoll completely misses you.
The gnoll barely misses you.
You hit the gnoll but do no damage. The gnoll hits you with a +0 whip.
You closely miss the gnoll. The gnoll closely misses you.
You furiously retaliate!
You headbutt the gnoll. The gnoll hits you with a +0 whip.
You block the gnoll's attack.
You closely miss the gnoll.
The gnoll is lightly wounded.
You block the gnoll's attack.
You hit the gnoll.
The gnoll is heavily wounded.
The gnoll hits you with a +0 whip. x2
* * * LOW HITPOINT WARNING * * *
Blink to where?
Press: ? - help, Dir - move target
As you read the scroll labelled XEUTSA CAMY, it crumbles to dust.
It was a scroll of blinking.
You feel very mighty all of a sudden.
It was a potion of enlightenment.
You feel very buoyant.
You fly up into the air.
It was a potion of mutation.
You feel extremely strange. The horns on your head grow some more.
Your connection to magic feels subdued.
As you read the scroll labelled OSOT YLICETI, it crumbles to dust.
It is a scroll of identify.
g - a scroll of poison
As you read the scroll labelled ODELLE WEVOIBB, it crumbles to dust.
The creatures around you are filled with an inner flame!
It was a scroll of immolation.
The gnoll hits you but does no damage.
You slash the gnoll!
The gnoll explodes!
The fiery explosion engulfs you!!!
Ouch! That really hurt!
You die...

.# ♣♣♣ ♣.# #@# ...
#§# #.# #§#...
#.#.# # ###...##
#.###.w.#..###
#...g........#
♣.^...#########.##
♣♣....#.......#..#


You could see a dart slug.

Vanquished Creatures
  A gnoll (D:2)
  A dart slug (D:2)
  3 ball pythons (D:1)
  2 endoplasms (D:1)
  A giant cockroach (D:2)
  3 goblins (D:1)
  2 hobgoblins (D:1)
  2 jackals (D:1)
  A kobold (D:1)
  2 bats (D:2)
  3 frilled lizards (D:1)
  3 rats (D:1)
24 creatures vanquished.

Notes
Turn   | Place    | Note
-------+----------+-------------------------------------------
     0 | D:1      | atomiclemming the Minotaur Fighter began the quest for the
                  | Orb.
     0 | D:1      | Reached XP level 1. HP: 19/19 MP: 0/0
    75 | D:1      | Reached XP level 2. HP: 25/27 MP: 1/1
   760 | D:2      | Found a faded altar of an unknown god.
   858 | D:2      | Gained mutation: You have a pair of large horns on your
                  | head. [potion of mutation]
   858 | D:2      | Gained mutation: Your spells are a little easier to cast,
                  | but a little less powerful. [potion of mutation]
   861 | D:2      | Killed by an exploding gnoll... ignited by their inner
                  | flame

Illustrated notes

Levels and vault maps discovered:
D:1:      minmay_arrival_diagonal_passages, layout_basic
D:2:      layout_loops_ring, hellmonk_ecumenical_altar_inner_sanctum,
          serial_forest, infiniplex_forest_clump_cross,
          infiniplex_forest_clump_cross, infiniplex_forest_corner_1,
          infiniplex_forest_zigzag_2, infiniplex_forest_lined_4_way,
          infiniplex_forest_side_room, basic_altar, minmay_small_reverse_x,
          uniq_crazy_yiuf_cottage

Skill      XL: |  1  2 |
---------------+-------+-----
Shields        | 4 |  4.2
Armour         | 4 |  4.0
Fighting       | |  3.8
Maces & Flails | |  2.9
Dodging        | |  0.2

Action                     || total
---------------------------++-------
  Melee: Flail             ||    27
         Headbutt          ||     4
         Hand axe          ||    16
    Use: Scroll            ||     3
         Potion            ||     3
 Armour: Scale mail        ||    41
  Dodge: Dodged            ||    29
  Block: Buckler           ||    17

Table legend: (Time is in decaauts)
 A = Elapsed time spent in this place.
 B = Non-inter-level travel time spent in this place.
 C = Inter-level travel time spent in this place.
 D = Time resting spent in this place.
 E = Time spent auto-exploring this place.
 F = Levels seen in this place.
 G = Mean time per level.
                   A        B        C        D        E       F      G
               +--------+--------+--------+--------+--------+-----+--------+
         Total |    880 |    878 |      2 |      0 |      0 |   2 |  440.0 |
       Dungeon |    880 |    878 |      2 |      0 |      0 |   2 |  440.0 |
               +--------+--------+--------+--------+--------+-----+--------+

Top non-repeatable levels by time:
     D:1: 757 daAuts
     D:2: 123 daAuts
